 Dungeon Crawl Stone Soup version 0.29.0-13-gc9e81de378 (webtiles) character file.

Game seed: 7662570811266256577

359 concernfroge the Trooper (level 6, 0/55 HPs)
             Began as a Mummy Monk on Sept 8, 2022.
             Killed by divine providence
             ... invoked by an orc priest
              (15 damage)
             ... on level 4 of the Dungeon on Sept 9, 2022.
             The game lasted 00:11:17 (3106 turns).

concernfroge the Trooper (Mummy Monk)               Turns: 3106, Time: 00:11:18

Health: 0/55       AC:  5    Str: 16    XL:     6   Next: 37%
Magic:  6/6        EV: 12    Int:  9    God:
Gold:   144        SH:  3    Dex: 15    Spells: 5/5 levels left

rFire   x . .      SeeInvis .   a - +0 spear
rCold   + + .      Faith    .   g - +0 buckler
rNeg    + + +      Spirit   .   b - +0 robe
rPois   ∞          Reflect  .   (no helmet)
rElec   .          Harm     .   (no cloak)
rCorr   .          Rampage  .   e - +0 pair of gloves
Will    .....                   f - +1 pair of boots
Stlth   ++........              (no amulet)
HPRegen 0.18/turn               c - ring of protection from cold
MPRegen 0.10/turn               (no ring)

@: no status effects
A: cold resistance 1, negative energy resistance 3, torment resistance 2, heat
vulnerability 1, in touch with death 1, no potions
a: no special abilities


You were on level 4 of the Dungeon.
You visited 1 branch of the dungeon, and saw 5 of its levels.

You collected 144 gold pieces.

Inventory:

Hand Weapons
 a - a +0 spear (weapon)
Armour
 b - a +0 robe (worn)
 e - a +0 pair of gloves (worn)
 f - a +1 pair of boots (worn)
 g - a +0 buckler (worn)
Jewellery
 c - a ring of protection from cold (left hand)
Scrolls
 d - 4 scrolls of identify
 i - 3 scrolls of immolation


   Skills:
 + Level 7.3 Fighting
 - Level 2.4 Polearms
 - Level 2.4 Dodging
 - Level 1.5 Stealth


You had 5 spell levels left.
You didn't know any spells.
Your spell library contained the following spells:

 Spells                   Type           Power      Damage    Failure   Level
 Ensorcelled Hibernation  Hex/Ice        0%         N/A       63%         2
 Passwall                 Tmut/Erth      0%         N/A       63%         2
 Swiftness                Air            0%         N/A       86%         3


Dungeon Overview and Level Annotations

Branches:
Dungeon (5/15)
 Temple: D:4-7

Altars:
Kikubaaqudgha

Annotations:
D:3 Sigmund
D:4 Ijyb


Innate Abilities, Weirdness & Mutations

You are immune to poison.
Your flesh is cold resistant. (rC+)
You are immune to negative energy. (rN+++)
You are immune to unholy pain and torment.
You are vulnerable to heat. (rF-)
You are in touch with the powers of death.
You do not drink.


Message History

Press: ? - help, Q - select action Shift-Dir - straight line, f - ball python
Aim: a ball python (58% to hit)
You throw a silver javelin.
The silver javelin pierces through the orc!
You kill the orc!
The silver javelin pierces through the orc but does no damage.
The orc is lightly wounded.
The silver javelin pierces through the ball python.
You kill the ball python!
Throw: 3 javelins (silver)
Press: ? - help, Q - select action Shift-Dir - straight line, f - howler monkey
Aim: a howler monkey (58% to hit)
You throw a silver javelin.
The silver javelin closely misses the orc priest.
The silver javelin pierces through the orc!
You kill the orc!
The silver javelin barely misses the howler monkey.
The orc priest hits you with a +0 dagger.
* * * LOW HITPOINT WARNING * * *
The orc priest hits you but does no damage.
Throw: 2 javelins (silver)
Press: ? - help, Q - select action Shift-Dir - straight line, p - howler monkey You throw a silver javelin.
The silver javelin barely misses the orc priest.
The silver javelin closely misses the howler monkey.
The orc priest hits you with a +0 dagger.
* * * LOW HITPOINT WARNING * * *
The howler monkey hoots and howls with incredible vigour!
You hear a shout! x3
Throw: javelin (silver)
Press: ? - help, Q - select action Shift-Dir - straight line, f - orc priest
Aim: an orc priest, wielding a +0 dagger (62% to hit)
You throw a silver javelin.
The silver javelin pierces through the orc priest!
The orc priest is almost dead.
The silver javelin closely misses the howler monkey.
A giant cockroach comes into view.
The orc priest mumbles some strange prayers to Beogh against you.
Beogh smites you!
You die...

#.....#### #.....#
#.....# #.....####
#. #####....## ...
####..# .... ##.#
.....
####.#######>.B...
#
##.##.....@oh....(.
.[
#....#######.......
.. ###### #...###.
<# ##..#####..##
##....o#.....## #
##......<.$.....
#.##........(......
#..................
#.....o........s.


You could see a howler monkey (catching breath), an orc priest and a giant
cockroach.

Vanquished Creatures
  An ice beast (D:5)
  An ogre (D:5)
  A jelly (D:5)
  2 iguanas (D:5)
  4 adders
  A worm (D:2)
  7 orcs
  6 endoplasms
  7 giant cockroaches
  3 goblins
  6 hobgoblins
  3 quokkas
  4 ball pythons
  3 bats
  A frilled lizard (D:2)
  5 kobolds
  6 rats
61 creatures vanquished.

Notes
Turn   | Place    | Note
-------+----------+-------------------------------------------
     0 | D:1      | concernfroge the Mummy Monk began the quest for the Orb.
     0 | D:1      | Reached XP level 1. HP: 18/18 MP: 1/1
   183 | D:1      | Reached XP level 2. HP: 24/24 MP: 2/2
   813 | D:1      | Reached skill level 4 in Fighting
  1036 | D:2      | Found an ancient bone altar of Kikubaaqudgha.
  1248 | D:2      | Gained mutation: You are in touch with the powers of death.
                  | [Mummy growth]
  1248 | D:2      | Reached XP level 3. HP: 24/30 MP: 3/3
  2167 | D:3      | Reached XP level 4. HP: 38/38 MP: 4/4
  2171 | D:3      | Reached skill level 5 in Fighting
  2306 | D:3      | Noticed Sigmund
  2325 | D:4      | Noticed a scorpion
  2557 | D:4      | Noticed Ijyb
  2560 | D:5      | Entered Level 5 of the Dungeon
  2562 | D:5      | Noticed an ogre
  2565 | D:5      | Killed an ogre
  2566 | D:5      | Reached skill level 6 in Fighting
  2566 | D:5      | Reached XP level 5. HP: 46/46 MP: 5/5
  2635 | D:5      | Noticed an ice beast
  2678 | D:5      | Killed an ice beast
  2679 | D:5      | Reached XP level 6. HP: 14/53 MP: 6/6
  2684 | D:5      | HP: 2/53 [iguana (8)]
  2687 | D:5      | Reached skill level 7 in Fighting
  3044 | D:5      | Noticed a two-headed ogre
  3106 | D:4      | Killed from afar by an orc priest

Illustrated notes

Levels and vault maps discovered:
D:1:      onia_arrival_mini_maze, layout_basic, grunt_decor_arrowhead
D:2:      layout_rooms, basic_altar
D:3:      layout_loops_ring, uniq_sigmund
D:4:      layout_rooms, nicolae_uskayaw_suspiria, uniq_ijyb
D:5:      layout_loops_ring, minmay_temple_entry_poolview

Skill      XL: |  1  2  3  4  5  6 |
---------------+-------------------+-----
Fighting       | 4 6 7 |  7.3
Polearms       | |  2.4
Dodging        | |  2.4
Stealth        | |  1.5

Action                   |  1- 3 |  4- 6 || total
-------------------------+-------+-------++-------
Melee: Spear             |   222 |    81 ||   303
       Punch             |     2 |       ||     2
Throw: Javelin           |       |    13 ||    13
  Use: Scroll            |     3 |     2 ||     5
 Stab: Sleeping          |    11 |       ||    11
Armor: Robe              |    60 |    20 ||    80
Dodge: Dodged            |    94 |    35 ||   129
Block: Buckler           |    26 |    12 ||    38
